 Dungeon Crawl Stone Soup version 0.18-a0-1211-g828307d (webtiles) character file.

4671 dvd the Covert (level 10, -1/65 HPs)
             Began as an Octopode Transmuter on Feb 2, 2016.
             Was a Follower of Ashenzari.
             Slain by an orc wizard
             ... wielding a +0 dagger
              (3 damage)
             ... on level 8 of the Dungeon.
             The game lasted 00:35:06 (9649 turns).

dvd the Covert (Octopode Transmuter)                Turns: 9649, Time: 00:35:06

Health: -1/65      AC:  3    Str: 11    XL:     10   Next: 44%
Magic:  16/16      EV: 18    Int: 17    God:    Ashenzari [*.....]
Gold:   454        SH:  0    Dex: 16    Spells: 2 memorised, 13 levels left

rFire  . . .     SeeInvis .     r - +7 quarterstaff (chaos) (curse)
rCold  . . .     Gourm    .     (shield currently unavailable)
rNeg   . . .     Faith    .     t - +2 hat
rPois  .         Spirit   .     (no amulet)
rElec  .         Dismiss  .     (no ring)
rCorr  .         Reflect  .     u - +3 ring of dexterity (curse)
SustAt .         Harm     .     (no ring)
MR     .....                    (no ring)
Stlth  ++++++....               (no ring)
                                (no ring)
                                (no ring)
                                (no ring)

@: appendage, not resistant to hostile enchantments, very stealthy
A: almost no armour, amphibious, 8 rings, constrict 8, tentacle spike 3,
camouflage 1, gelatinous body 1
a: End Transformation, Scrying, Renounce Religion


You were on level 8 of the Dungeon.
You worshipped Ashenzari.
Ashenzari was aware of your devotion.
You were not hungry.
One of your tentacles had a temporary spike.
You visited 2 branches of the dungeon, and saw 9 of its levels.

You collected 454 gold pieces.

Inventory:

Hand Weapons
 r - a cursed +7 quarterstaff of chaos (weapon)
 y - a +2 dagger of venom
 C - a +1 flail of holy wrath
Armour
 t - a +2 hat (worn)
 w - a +3 buckler
Jewellery
 u - a cursed +3 ring of dexterity (right tentacle)
Wands
 p - a wand of teleportation (6/9)
 s - a wand of teleportation (9/9)
 B - a wand of lightning (14/15)
Scrolls
 a - 4 scrolls of curse jewellery
 d - a scroll of silence
 h - a scroll of recharging
 i - 3 scrolls of identify
 o - 2 scrolls of magic mapping
 q - a scroll of fog
 x - a scroll of blinking
 z - a scroll of enchant armour
 A - a scroll of remove curse
Potions
 e - 2 potions of lignification
 j - 2 potions of haste
 k - a potion of might
 l - 3 potions of curing
 m - 2 potions of cure mutation
 n - a potion of invisibility
Books
 b - a book of Changes

   Spells                             Type                      Level
   a - Beastly Appendage              Transmutation                1
   b - Sticks to Snakes               Transmutation                2
   c - Spider Form                    Transmutation/Poison         3
   d - Ice Form                       Ice/Transmutation            4
   e - Blade Hands                    Transmutation                5
Comestibles
 c - 7 bread rations
 f - 6 meat rations
 g - 2 chunks of flesh
 D - 3 fruits


   Skills:
 + Level 4.9 Fighting
 + Level 0.4(2.4) Maces & Flails
 + Level 3.9 Staves
 + Level 8.6 Dodging
 + Level 9.0 Stealth
 + Level 5.3 Unarmed Combat
 + Level 4.4 Spellcasting
 + Level 4.9 Transmutations
 + Level 3.8 Poison Magic
 + Level 0.2 Evocations


You had 13 spell levels left.
You knew the following spells:

 Your Spells              Type           Power        Failure   Level  Hunger
a - Beastly Appendage     Trmt           ###...       1%          1    None
b - Spider Form           Trmt/Pois      ###.......   10%         3    ###....


Dungeon Overview and Level Annotations

Branches:
Dungeon (8/15)             Temple (1/1) D:5
   Lair: D:8-11

Altars:
Ashenzari
Cheibriados
Dithmenos
Elyvilon
Fedhas
Gozag
Kikubaaqudgha
Makhleb
Nemelex Xobeh
Okawaru
Pakellas
Qazlal
Ru
Sif Muna
Trog
Vehumet
Xom
Yredelemnul
Zin
The Shining One

Shops:
D:4 }   D:7 (

Annotations:
D:7 1 runed door


Innate Abilities, Weirdness & Mutations

You cannot wear most types of armour.
You are amphibious.
You can wear up to eight rings at the same time.
You can use your tentacles to constrict eight enemies at once.
Your skin changes colour to match your surroundings (Stealth).
Your rubbery body absorbs attacks (AC +1).
One of your tentacles bears a large vicious spike.


Message History

The puff of flame hits you! The orc hits you with a short sword.
You hit the orc warrior.
There is a sudden explosion of sparks!
Your squeeze misses the orc warrior.
The orc warrior is almost dead.
You constrict the orc warrior. You constrict the orc wizard.
The orc warrior barely misses you. The orc wizard casts a spell at you.
The puff of flame hits you!
* * * LOW HITPOINT WARNING * * *
The orc barely misses you.
You hit the orc warrior but do no damage.
Your tentacle spike misses the orc warrior.
You squeeze the orc warrior, but do no damage.
The orc warrior is almost dead.
You constrict the orc warrior, but do no damage.
You constrict the orc wizard.
The orc warrior hits you with a short sword!
* * * LOW HITPOINT WARNING * * *
The orc wizard hits you with a dagger.
You die...

#.(........
#.........$
#.........#
#.........# .
#.........#.#
#>..........#
#..........##
######....o)<.....
###.........@o......
##...####.....o......
#..### ##.......#...
#.## ##..........
###.# #######(...
#...# #...#. ##.###
#...#. #..#
###...#.#### ..##
...........##


You could see an orc warrior, an orc wizard and an orc.

Vanquished Creatures
  A deep elf archer (D:8)
  A griffon (D:8)
  Psyche (D:8)
  Eustachio (D:4)
  2 hungry ghosts (D:7)
  Menkaure (D:7)
  A soldier ant (D:7)
  2 ice beasts (D:7)
  A sky beast (D:5)
  A black bear (D:7)
  3 orc warriors
  5 ogres
  A centaur (D:7)
  A necrophage (D:6)
  2 giant frogs (D:6)
  A big kobold (D:7)
  3 scorpions
  A killer bee (D:7)
  A wight (D:8)
  2 crimson imps
  6 hounds
  3 jellies
  Crazy Yiuf (D:2)
  2 orc priests
  A gnoll shaman (D:6)
  4 orc wizards
  13 worker ants
  A worker ant zombie (D:5)
  9 gnolls
  11 adders
  A shadow imp (D:6)
  2 oozes (D:1)
  5 adder skeletons
  3 worms
  5 giant geckos
  20 orcs
  7 bats
  12 giant cockroaches
  11 goblins
  4 hobgoblins
  12 jackals
  13 kobolds
  6 quokkas
  A ball python (D:3)
  2 giant newts
  9 rats
  2 butterflies (D:7)
198 creatures vanquished.

Vanquished Creatures (others)
  An iguana (D:2)
  An adder skeleton (D:8)
2 creatures vanquished.

Grand Total: 200 creatures vanquished

Notes
Turn   | Place    | Note
--------------------------------------------------------------
     0 | D:1      | dvd the Octopode Transmuter began the quest for the Orb.
     0 | D:1      | Reached XP level 1. HP: 13/13 MP: 3/3
   138 | D:1      | Reached XP level 2. HP: 15/18 MP: 3/5
   536 | D:1      | Reached XP level 3. HP: 23/23 MP: 4/6
  1020 | D:2      | Reached skill level 1 in Stealth
  1298 | D:2      | Found a faded altar to an unknown god.
  1428 | D:2      | Noticed Crazy Yiuf
  1436 | D:2      | Killed Crazy Yiuf
  1436 | D:2      | Reached XP level 4. HP: 28/28 MP: 5/7
  1704 | D:2      | Found an oddly glowing altar of Pakellas.
  1704 | D:2      | Noticed an orange crystal statue
  1744 | D:2      | Learned a level 3 spell: Spider Form
  1863 | D:2      | Found a basalt altar of Yredelemnul.
  1865 | D:2      | Found a blossoming altar of Fedhas.
  2054 | D:2      | Found a stormy altar of Qazlal.
  2253 | D:3      | Reached XP level 5. HP: 31/33 MP: 6/8
  3104 | D:4      | Noticed an ogre
  3125 | D:4      | Killed an ogre
  3125 | D:4      | Reached XP level 6. HP: 21/38 MP: 6/10
  3448 | D:4      | Reached skill level 4 in Dodging
  3610 | D:4      | Noticed Eustachio
  3626 | D:4      | Killed Eustachio
  3626 | D:4      | Reached XP level 7. HP: 39/43 MP: 8/11
  3665 | D:4      | Found Emileihe's Gadget Emporium.
  3862 | D:4      | Found an opulent altar of Gozag.
  3887 | D:4      | Reached skill level 1 in Poison Magic
  4010 | D:4      | Found a burning altar of Makhleb.
  4018 | D:4      | Found a glowing silver altar of Zin.
  4026 | D:4      | Found a sparkling altar of Nemelex Xobeh.
  4181 | D:5      | Entered Level 5 of the Dungeon
  4182 | D:5      | Found a staircase to the Ecumenical Temple.
  4190 | Temple   | Entered the Ecumenical Temple
  4518 | Temple   | Became a worshipper of Ashenzari the Shackled
  4757 | D:5      | Reached skill level 1 in Staves
  4757 | D:5      | Reached skill level 5 in Stealth
  4757 | D:5      | Reached XP level 8. HP: 50/50 MP: 13/13
  5770 | D:6      | Reached skill level 5 in Dodging
  6186 | D:6      | Reached skill level 6 in Stealth
  6650 | D:6      | Learned a level 1 spell: Beastly Appendage
  6777 | D:6      | Reached XP level 9. HP: 38/55 MP: 12/15
  6981 | D:6      | Reached * piety under Ashenzari
  7463 | D:7      | Noticed Menkaure
  7471 | D:7      | Killed Menkaure
  7772 | D:7      | Reached skill level 7 in Stealth
  8385 | D:7      | Found a runed door.
  8400 | D:7      | Found a runed door.
  8406 | D:7      | Reached skill level 5 in Unarmed Combat
  8871 | D:7      | Found Dophucse's Weapon Boutique.
  8915 | D:7      | Reached skill level 8 in Stealth
  8915 | D:7      | Reached XP level 10. HP: 63/65 MP: 16/16
  9056 | D:8      | Noticed Psyche
  9061 | D:8      | Killed Psyche
  9174 | D:8      | Found a sacrificial altar of Ru.
  9174 | D:8      | Found an ancient bone altar of Kikubaaqudgha.
  9175 | D:8      | Noticed a griffon
  9187 | D:8      | Noticed a deep elf archer
  9222 | D:8      | Killed a griffon
  9233 | D:8      | Killed a deep elf archer
  9363 | D:8      | Reached skill level 9 in Stealth
  9649 | D:8      | HP: 2/65 [orc warrior/short sword (14)]
  9649 | D:8      | Slain by an orc wizard

Vault maps used:
D:1:      lemuel_arrival_cross
D:2:      nicolae_overflow_hidden_temple, lemuel_doored_altar,
          ecumenical_altar_1, gammafunk_pakellas_statue_experiment,
          uniq_crazy_yiuf_cottage
D:4:      grunt_temple_overflow_diamond, serial_shops, shop, first_bread,
          nicolae_gozag_cash_rules_everything_around_me, uniq_eustachio
D:5:      minmay_temple_entry_statues_fountains, minmay_misc_feat_rows
D:7:      lemuel_insect_pit, serial_shops, nicolae_shop_trees, uniq_menkaure
D:8:      kiku_gazebo_garden_becter, grunt_livestock, hangedman_decor_push,
          jmf_multi_god_temple, uniq_psyche
Temple:   triangle_lava_temple_12

Action                   |  1- 3 |  4- 6 |  7- 9 | 10-12 || total
-------------------------+-------+-------+-------+-------++-------
Melee: Unarmed           |    56 |    23 |   127 |    19 ||   225
       Whip              |    23 |    97 |       |       ||   120
       Quarterstaff      |       |    18 |   165 |    24 ||   207
 Cast: Beastly Appendage |    14 |    17 |     6 |     1 ||    38
       Spider Form       |       |     4 |    15 |     3 ||    22
Evoke: Wand              |       |       |       |     3 ||     3
  Use: Scroll            |     3 |     1 |    16 |     2 ||    22
       Potion            |       |       |    13 |     2 ||    15
 Stab: Sleeping          |     3 |     5 |    24 |     2 ||    34
       Confused          |       |       |     1 |       ||     1
  Eat: Chunk             |     2 |     7 |    20 |     3 ||    32
       Beef jerky        |       |       |     1 |       ||     1
